 Dungeon Crawl Stone Soup version 0.28-b1-25-g9875b3fc8c (webtiles) character file.

Game seed: 16339980998656369678

30 MarioGrandma the Skirmisher (level 3, -1/29 HPs)
             Began as a Demonspawn Abyssal Knight on Feb 1, 2022.
             Was a Follower of Wu Jian.
             Slain by a thrashing horror (8 damage)
             ... created by the touch of Lugonu
             ... on level 2 of the Dungeon.
             The game lasted 00:05:17 (1630 turns).

MarioGrandma the Skirmisher (DsAK)                  Turns: 1630, Time: 00:05:17

Health: -1/29      AC:  6    Str: 15    XL:     3   Next: 3%
Magic:  4/4        EV:  9    Int: 11    God:    Wu Jian [*.....]
Gold:   53         SH:  0    Dex: 15    Spells: 2/2 levels left

rFire   + . .      SeeInvis .   a - +1 spear
rCold   . . .      Faith    .   (no shield)
rNeg    . . .      Spirit   .   d - +0 scale mail
rPois   .          Reflect  .   (helmet restricted)
rElec   .          Harm     .   (no cloak)
rCorr   .          Rampage  .   (no gloves)
Will    .....                   (no boots)
Stlth   ..........              c - amulet of the acrobat
HPRegen 0.09/turn               (no ring)
MPRegen 0.09/turn               (no ring)

@: about to teleport
A: horns 2, agile 1, fire resistance 1, low MP 1
a: Renounce Religion


You were on level 2 of the Dungeon.
You worshipped Wu Jian.
Wu Jian was aware of your devotion.
You visited 1 branch of the dungeon, and saw 2 of its levels.
You visited the Abyss 1 time.

You collected 53 gold pieces.

Inventory:

Hand Weapons
 a - a +1 spear (weapon)
Armour
 b - a +0 leather armour
 d - a +0 scale mail (worn)
 f - a +0 helmet
Jewellery
 c - an amulet of the acrobat (around neck)


   Skills:
 + Level 3.6 Fighting
 + Level 2.0 Polearms
 + Level 2.1 Armour
 + Level 1.0 Dodging
 + Level 2.6 Invocations


You had 2 spell levels left.
You didn't know any spells.
Your spell library contained the following spells:

 Spells                   Type           Power      Damage    Failure   Level
 Inner Flame              Hex/Fire       0%         N/A       99%         3
 Cause Fear               Hex            0%         N/A       100%        4
 Discord                  Hex            0%         N/A       100%        8


Dungeon Overview and Level Annotations

Branches:
Dungeon (2/15)

Altars:
Wu Jian

Shops:
D:1 (


Innate Abilities, Weirdness & Mutations

You have a pair of horns on your head.
You are agile. (Dex +2)
Your flesh is heat resistant. (rF+)
Your magical capacity is low. (-10% MP)


Message History

Found a stone staircase leading down.
There is a stone staircase leading down here.
g - a scroll of identify An endoplasm comes into view.
You see here an orange potion.
h - an orange potion
Okay, then.
As you read the scroll of identify, it crumbles to dust.
h - a potion of mutation You feel extremely strange.
You feel agile.
You feel less energetic.
You feel resistant to heat.
An endoplasm is nearby!
The endoplasm jiggles.
The endoplasm freezes you.
You are frozen.
You hit the endoplasm. You headbutt the endoplasm.
You kill the endoplasm!
The Council accepts your kill. Lugonu's wrath scatters you!
Lugonu sends minions to punish you.
A thrashing horror comes into view.
You spin and attack the thrashing horror.
You hit the thrashing horror but do no damage.
You hit the thrashing horror. You headbutt the thrashing horror.
The thrashing horror is lightly damaged.
The thrashing horror tramples you!
You stumble backwards!
The thrashing horror tramples you.
You stumble backwards!
Okay, then.
You don't know any spells.
Okay, then.
You hit the thrashing horror.
The thrashing horror is moderately damaged.
The thrashing horror closely misses you.
The thrashing horror tramples you.
You stumble backwards!
A dart slug comes into view.
The thrashing horror tramples you.
* * * LOW HITPOINT WARNING * * *
You stumble backwards!
As you read the scroll of teleportation, it crumbles to dust.
You feel strangely unstable. The thrashing horror tramples you!
You die...

..........,,,,,,,,,,,,**,* *,
..########**,*,**.#**,**,* *,
........##*,,,,,,.# *,**,* *<
..#.......,,,,,**w###,**,* *,
.#...####***,**##...,,**,*******,
......###* *,* #...,,,,,,,,,,,,,,
.........# *,* #..,,*,**,,,,,,,,,
......##.# *,* #.#,,#,***********
.#...##*,# *,* #@#,.#,* ....##
*,* *,* #X#,.#,* ##### *,* *,*
#.#..#,* #######*,* #.###.#..#.#
** .......,,* #..........# *,
#######*** #####.#..### *, ####
#.#..# *, ...## #.#,.#* *, ##..#
#.#,..****** *,


You could see a thrashing horror and a dart slug.

Vanquished Creatures
  A worm (D:2)
  2 dart slugs (D:1)
  3 endoplasms
  2 giant cockroaches (D:1)
  2 goblins
  2 hobgoblins (D:1)
  2 kobolds
  3 ball pythons (D:1)
  3 bats
  A rat (D:1)
21 creatures vanquished.

Vanquished Creatures (others)
  A plant (D:2)
  4 withered plants (D:2)
5 creatures vanquished.

Grand Total: 26 creatures vanquished

Notes
Turn   | Place    | Note
-------+----------+-------------------------------------------
     0 | Abyss:1  | MarioGrandma the Demonspawn Abyssal Knight began the quest
                  | for the Orb.
     0 | Abyss:1  | Reached XP level 1. HP: 18/18 MP: 2/2
    39 | D:1      | Escaped the Abyss
   632 | D:1      | Gained mutation: You have a pair of small horns on your
                  | head. [demonic ancestry]
   632 | D:1      | Reached XP level 2. HP: 24/24 MP: 3/3
   684 | D:1      | Found Ifuist's Weapon Shop.
  1302 | D:2      | Reached skill level 1 in Dodging
  1318 | D:2      | Found a faded altar of an unknown god.
  1363 | D:2      | Prayed at the altar of an unknown god.
  1363 | D:2      | Fell from the grace of Lugonu
  1363 | D:2      | Became a worshipper of the Wu Jian Council
  1363 | D:2      | Reached * piety under Wu Jian
  1536 | D:2      | Gained mutation: You have a pair of horns on your head.
                  | [demonic ancestry]
  1536 | D:2      | Reached XP level 3. HP: 28/29 MP: 4/4
  1620 | D:2      | Gained mutation: You are agile. (Dex +2) [potion of
                  | mutation]
  1620 | D:2      | Gained mutation: Your magical capacity is low. (-10% MP)
                  | [potion of mutation]
  1620 | D:2      | Gained mutation: Your flesh is heat resistant. (rF+)
                  | [potion of mutation]
  1627 | D:2      | Noticed a thrashing horror
  1630 | D:2      | Slain by a thrashing horror

Illustrated notes

Levels and vault maps discovered:
D:1:      psy_arrival_radial02, layout_basic, serial_shops,
          nicolae_shop_bloodbath_and_beyond
D:2:      layout_loops_ring, shapermc_ecumenical_altar_flowoftime

Skill      XL: |  1  2 |
---------------+-------+-----
Polearms       | 2 |  2.0
Armour         | 2 |  2.1
Dodging        | 1 |  1.0
Fighting       | |  3.6
Invocations    | |  2.6

Action                   || total
-------------------------++-------
Melee: Spear             ||    82
       Headbutt          ||    19
       Punch             ||     3
Invok: Lunge             ||     1
       Whirlwind         ||     1
  Use: Scroll            ||     8
       Potion            ||     3
Armor: Leather armour    ||     4
       Scale mail        ||    30
Dodge: Dodged            ||    62
